 Dungeon Crawl Stone Soup version 0.21.0-3-g78d12a8 (webtiles) character file.

2305 manyhoops the Slasher (level 9, -8/65 HPs)
             Began as a Gnoll Wanderer on Jan 11, 2018.
             Was an Initiate of Makhleb.
             Mangled by Aviak's ghost (11 damage)
             ... on level 6 of the Dungeon.
             The game lasted 00:13:12 (6347 turns).

manyhoops the Slasher (Gnoll Wanderer)              Turns: 6347, Time: 00:13:13

Health: -8/65      AC:  6    Str: 22    XL:     9   Next: 40%
Magic:  15/15      EV: 16    Int: 11    God:    Makhleb [......]
Gold:   38         SH:  0    Dex: 14    Spells: 16/16 levels left

rFire    . . .     SeeInvis .   c - +0 falchion
rCold    + . .     Gourm    .   (no shield)
rNeg     . . .     Faith    .   m - +2 leather armour {rC+}
rPois    .         Spirit   .   (no helmet)
rElec    .         Reflect  .   (no cloak)
rCorr    .         Harm     .   t - +0 pair of gloves
MR       +....                  (no boots)
Stlth    +++.......             (no amulet)
HPRegen  0.20/turn              q - ring of protection from magic
MPRegen  0.14/turn              u - +2 ring of evasion

@: hasted, very quick
A: distributed training, fangs 1, strong nose
a: Renounce Religion


You were on level 6 of the Dungeon.
You worshipped Makhleb.
Makhleb was noncommittal.
You were hungry.

You visited 2 branches of the dungeon, and saw 7 of its levels.

You collected 288 gold pieces.
You spent 250 gold pieces at shops.

Inventory:

Hand Weapons
 c - a +0 falchion (weapon)
 r - a +0 blowgun
 C - a +2 hunting sling of freezing
Missiles
 g - 141 stones
 h - 15 tomahawks (quivered)
 k - 13 sling bullets
 s - 41 poisoned needles
Armour
 m - a +2 leather armour of cold resistance (worn)
 t - a +0 pair of gloves (worn)
Jewellery
 q - a ring of protection from magic (left hand)
 u - a +2 ring of evasion (right hand)
Wands
 p - a wand of scattershot (2)
 x - a wand of flame (29)
 y - a wand of polymorph (9)
Scrolls
 a - a scroll of identify
 b - a scroll of enchant armour
 d - a scroll of remove curse
 w - a scroll of teleportation
Potions
 i - a potion of magic
 j - a potion of brilliance
 l - a potion of flight
 B - a potion of mutation {unknown}
Comestibles
 f - 12 rations


   Skills:
 + Level 4.1 Fighting
 + Level 4.1 Short Blades
 + Level 7.8 Long Blades
 + Level 4.1 Axes
 + Level 4.1 Maces & Flails
 + Level 4.1 Polearms
 + Level 4.1 Staves
 + Level 4.1 Slings
 + Level 4.1 Bows
 + Level 4.1 Crossbows
 + Level 4.1 Throwing
 + Level 4.1 Armour
 + Level 4.9 Dodging
 + Level 6.0 Stealth
 + Level 4.9 Shields
 + Level 6.2 Unarmed Combat
 + Level 4.1 Spellcasting
 + Level 3.4 Conjurations
 + Level 3.4 Hexes
 + Level 3.4 Charms
 + Level 3.4 Summonings
 + Level 3.4 Necromancy
 + Level 3.4 Translocations
 + Level 3.4 Transmutations
 + Level 3.4 Fire Magic
 + Level 3.4 Ice Magic
 + Level 3.4 Air Magic
 + Level 3.4 Earth Magic
 + Level 3.4 Poison Magic
 + Level 4.5 Invocations
 + Level 4.9 Evocations


You had 16 spell levels left.
You didn't know any spells.

Dungeon Overview and Level Annotations

Branches:
Dungeon (6/15)             Temple (1/1) D:6

Altars:
Cheibriados
Dithmenos
Elyvilon
Fedhas
Kikubaaqudgha
Makhleb
Nemelex Xobeh
Okawaru
Qazlal
Ru
Sif Muna
Trog
Uskayaw
Vehumet
Wu Jian
Xom
Yredelemnul
Zin
The Shining One

Shops:
D:4 *   D:5 (

Annotations:
D:5 2 transporters, Menkaure
D:6 Aviak's ghost, novice MfAE


Innate Abilities, Weirdness & Mutations

Your experience applies equally to all skills.
You have very sharp teeth.
Your uncanny sense of smell can sniff out nearby items.


Message History

You closely miss Aviak's ghost.
Aviak's ghost is moderately damaged.
Aviak's ghost hits you!
You barely miss Aviak's ghost.
You bite Aviak's ghost, but do no damage.
Aviak's ghost is moderately damaged.
You closely miss Aviak's ghost.
Aviak's ghost is moderately damaged.
Aviak's ghost hits you!
* * * LOW HITPOINT WARNING * * *
You closely miss Aviak's ghost. Your bite misses Aviak's ghost.
Aviak's ghost is moderately damaged.
Aviak's ghost hits you!
* * * LOW HITPOINT WARNING * * *
You slash Aviak's ghost! Your bite misses Aviak's ghost.
Aviak's ghost is moderately damaged.
You barely miss Aviak's ghost. Your bite misses Aviak's ghost.
Aviak's ghost is moderately damaged.
Aviak's ghost hits you!
You die...

###.# ..#.## #######...... #####
..:......# #. #.... .........# #.
#....
........##(#.################....
..>............W@................
...(..<.(..(.####################
(.c..(...#### #...........
#.......###. #........#
#.......... #####.#..##. # .##.#
∆


You could see Aviak's ghost.

Vanquished Creatures
  The ghost of manyhoops the Twirler, a novice GnWn of Okawaru (D:5)
  A hippogriff (D:5)
  2 ogres
  4 centaurs
  4 bullfrogs
  5 killer bees (D:6)
  A howler monkey (D:5)
  2 jellies (D:5)
  4 hounds
  Ijyb (D:3)
  An orc wizard (D:5)
  6 worker ants
  2 hound skeletons
  3 gnolls (D:5)
  15 adders
  2 river rats (D:5)
  2 shadow imps
  An adder zombie (D:6)
  A worm (D:2)
  A dart slug (D:5)
  3 leopard geckos
  12 orcs
  A ball python (D:1)
  A giant cockroach (D:1)
  9 goblins
  6 hobgoblins
  2 jackals (D:4)
  2 quokkas
  8 bats
  5 frilled lizards
  8 kobolds
  10 rats
126 creatures vanquished.

Vanquished Creatures (others)
  An orc wizard (D:5)
1 creature vanquished.

Grand Total: 127 creatures vanquished

Notes
Turn   | Place    | Note
-------+----------+-------------------------------------------
     0 | D:1      | manyhoops the Gnoll Wanderer began the quest for the Orb.
     0 | D:1      | manyhoops set off with: 2 potions of berserk rage, a potion of curing, a +0 falchion, a +0 robe, a +0 dagger, a ration
     0 | D:1      | Reached XP level 1. HP: 13/13 MP: 2/2
   356 | D:1      | Reached XP level 2. HP: 19/19 MP: 3/3
   862 | D:2      | Reached XP level 3. HP: 25/25 MP: 4/4
   894 | D:2      | Reached skill level 1 in Invocations
  1009 | D:2      | Reached skill level 1 in Fighting
  1009 | D:2      | Reached skill level 1 in Short Blades
  1009 | D:2      | Reached skill level 1 in Axes
  1009 | D:2      | Reached skill level 1 in Maces & Flails
  1009 | D:2      | Reached skill level 1 in Polearms
  1009 | D:2      | Reached skill level 1 in Staves
  1009 | D:2      | Reached skill level 1 in Slings
  1009 | D:2      | Reached skill level 1 in Bows
  1009 | D:2      | Reached skill level 1 in Crossbows
  1009 | D:2      | Reached skill level 1 in Throwing
  1009 | D:2      | Reached skill level 1 in Armour
  1009 | D:2      | Reached skill level 1 in Spellcasting
  1237 | D:2      | Reached XP level 4. HP: 27/32 MP: 6/6
  1406 | D:2      | Noticed a bullfrog
  1418 | D:2      | Killed a bullfrog
  1418 | D:2      | Reached skill level 1 in Conjurations
  1418 | D:2      | Reached skill level 1 in Hexes
  1418 | D:2      | Reached skill level 1 in Charms
  1418 | D:2      | Reached skill level 1 in Summonings
  1418 | D:2      | Reached skill level 1 in Necromancy
  1418 | D:2      | Reached skill level 1 in Translocations
  1418 | D:2      | Reached skill level 1 in Transmutations
  1418 | D:2      | Reached skill level 1 in Fire Magic
  1418 | D:2      | Reached skill level 1 in Ice Magic
  1418 | D:2      | Reached skill level 1 in Air Magic
  1418 | D:2      | Reached skill level 1 in Earth Magic
  1418 | D:2      | Reached skill level 1 in Poison Magic
  1418 | D:2      | Reached XP level 5. HP: 17/37 MP: 7/7
  2258 | D:3      | Noticed Ijyb
  2275 | D:3      | Killed Ijyb
  2430 | D:3      | Reached XP level 6. HP: 40/44 MP: 8/8
  2735 | D:4      | Reached skill level 5 in Unarmed Combat
  2783 | D:4      | Found Acuchys's Assorted Antiques.
  2798 | D:4      | Bought a scroll labeled GEKUSU JIHOJ for 18 gold pieces
  2798 | D:4      | Bought a scroll of teleportation for 54 gold pieces
  2798 | D:4      | Bought a scroll of identify for 36 gold pieces
  2798 | D:4      | Bought a dark potion for 16 gold pieces
  2844 | D:4      | Reached XP level 7. HP: 27/50 MP: 10/10
  3335 | D:4      | Reached skill level 7 in Long Blades
  3687 | D:5      | Entered Level 5 of the Dungeon
  3687 | D:5      | Found a transporter.
  3687 | D:5      | Noticed manyhoops's ghost (novice GnWn)
  3763 | D:5      | Noticed a hippogriff
  3781 | D:5      | Killed a hippogriff
  3781 | D:5      | Reached skill level 5 in Stealth
  4051 | D:5      | Reached XP level 8. HP: 47/57 MP: 12/12
  4519 | D:5      | Killed manyhoops's ghost
  4879 | D:5      | Reached XP level 9. HP: 65/65 MP: 14/14
  4896 | D:5      | Found a hide-covered altar of Uskayaw.
  4909 | D:5      | Found Hayh's Antique Weapon Emporium.
  4913 | D:5      | Bought a glowing hunting sling for 126 gold pieces
  4992 | D:5      | Found a transporter.
  4992 | D:5      | Found a basalt altar of Yredelemnul.
  5002 | D:5      | Found an ancient bone altar of Kikubaaqudgha.
  5316 | D:5      | Noticed Menkaure
  5376 | D:6      | Noticed Aviak's ghost (novice MfAE)
  5445 | D:6      | Found a staircase to the Ecumenical Temple.
  5470 | Temple   | Entered the Ecumenical Temple
  5638 | Temple   | Became a worshipper of Makhleb the Destroyer
  6345 | D:6      | HP: 3/65 [Aviak's ghost (12)]
  6347 | D:6      | Mangled by Aviak's ghost

Skill      XL: |  1  2  3  4  5  6  7  8  9 |
---------------+----------------------------+-----
Invocations    | 1 2 3 4 |  4.5
Fighting       | 1 2 3 4 |  4.1
Short Blades   | 1 2 3 4 |  4.1
Axes           | 1 2 3 4 |  4.1
Maces & Flails | 1 2 3 4 |  4.1
Polearms       | 1 2 3 4 |  4.1
Staves         | 1 2 3 4 |  4.1
Slings         | 1 2 3 4 |  4.1
Bows           | 1 2 3 4 |  4.1
Crossbows      | 1 2 3 4 |  4.1
Throwing       | 1 2 3 4 |  4.1
Armour         | 1 2 3 4 |  4.1
Spellcasting   | 1 2 3 4 |  4.1
Conjurations   | 1 2 3 |  3.4
Hexes          | 1 2 3 |  3.4
Charms         | 1 2 3 |  3.4
Summonings     | 1 2 3 |  3.4
Necromancy     | 1 2 3 |  3.4
Translocations | 1 2 3 |  3.4
Transmutations | 1 2 3 |  3.4
Fire Magic     | 1 2 3 |  3.4
Ice Magic      | 1 2 3 |  3.4
Air Magic      | 1 2 3 |  3.4
Earth Magic    | 1 2 3 |  3.4
Poison Magic   | 1 2 3 |  3.4
Dodging        | 3 4 |  4.9
Shields        | 3 4 |  4.9
Evocations     | 3 4 |  4.9
Unarmed Combat | 5 6 |  6.2
Long Blades    | 7 |  7.8
Stealth        | 5 6 |  6.0

Action                   |  1- 3 |  4- 6 |  7- 9 || total
-------------------------+-------+-------+-------++-------
Melee: Falchion          |     4 |   143 |   319 ||   466
       Punch             |     1 |     3 |    16 ||    20
       Hunting sling     |     1 |       |       ||     1
       Bite              |       |    18 |    38 ||    56
 Fire: Hunting sling     |    96 |     2 |    24 ||   122
Throw: Tomahawk          |     5 |       |       ||     5
Evoke: Wand              |       |       |     8 ||     8
  Use: Scroll            |     4 |     7 |     3 ||    14
       Potion            |     1 |     1 |    12 ||    14
 Stab: Sleeping          |     2 |     3 |     1 ||     6
       Distracted        |       |       |     2 ||     2
  Eat: Chunk             |       |     6 |    11 ||    17
Armor: Leather armour    |     9 |    37 |    59 ||   105
       Skin              |       |       |    21 ||    21
Dodge: Dodged            |    35 |   109 |   257 ||   401
       Rpst.: Falchion   |     1 |    34 |    72 ||   107
